 Dungeon Crawl Stone Soup version 0.30-a0-459-g9104f0fc43 (webtiles) character file.

Game seed: 13048916088886781946

340 HoaS the Skirmisher (level 6, -8/35 HPs)
             Began as a Kobold Hunter on Dec 15, 2022.
             Mangled by Terence
             ... wielding a +2 trident of venom
              (9 damage)
             ... on level 3 of the Dungeon.
             The game lasted 00:04:39 (3254 turns).

HoaS the Skirmisher (Kobold Hunter)                 Turns: 3254, Time: 00:04:39

Health: -8/35      AC:  5    Str:  9    XL:     6   Next: 86%
Magic:  6/6        EV: 14    Int: 10    God:
Gold:   189        SH:  0    Dex: 20    Spells: 5/5 levels left

rFire   . . .      SeeInvis .    a - +1 shortbow
rCold   . . .      Faith    .    (shield currently unavailable)
rNeg    . . .      Spirit   .    c - +0 leather armour
rPois   .          Reflect  .    (no helmet)
rElec   .          Harm     .    (no cloak)
rCorr   .          Rampage  .    (no gloves)
Will    .....                    h - +1 pair of boots
Stlth   +++.......               (no amulet)
HPRegen 0.25/turn                (no ring)
MPRegen 0.10/turn                (no ring)

@: lethally poisoned (-8 -> -18)
A: small, no large weapons, nightstalker 3
a: no special abilities


You were on level 3 of the Dungeon.
You visited 1 branch of the dungeon, and saw 3 of its levels.
You also visited: Sewer.

You collected 189 gold pieces.

Inventory:

Hand Weapons
 a - a +1 shortbow (weapon)
Armour
 c - a +0 leather armour (worn)
 h - a +1 pair of boots (worn)
Wands
 d - a wand of polymorph (4)
Scrolls
 b - 2 scrolls of immolation
Potions
 e - a potion of might
 f - a potion of lignification
 g - a potion of curing
 i - a potion of berserk rage {unknown}
 j - a potion of magic {unknown}
 k - a potion of attraction {unknown}
 n - a potion of heal wounds {unknown}


   Skills:
 - Level 2.1 Fighting
 + Level 10.0 Ranged Weapons
 - Level 2.4 Dodging
 - Level 1.3 Stealth


You had 5 spell levels left.
You didn't know any spells.
Your spell library contained the following spells:

 Spells                   Type           Power      Damage    Failure   Level
 Cause Fear               Hex            0%         N/A       99%         4
 Dragon Form              Tmut           0%         N/A       100%        7
 Dragon's Call            Summ           0%         N/A       100%        9


Dungeon Overview and Level Annotations

Branches:
Dungeon (3/15)              Sewer (visited)

Altars:

Annotations:
D:3 Sigmund, Terence


Innate Abilities, Weirdness & Mutations

You are small and have problems with some larger weapons.
You are completely attuned to the shadows.


Message History

Terence closely misses you.
You climb upwards.
There is a stone staircase leading down here.
You start resting.
HP restored.
You climb downwards.
Level annotation: Sigmund, Terence
There is a stone staircase leading up here.
Terence is nearby!
You shoot an arrow. The arrow hits Terence.
Terence is moderately wounded.
You shoot an arrow. The arrow hits Terence.
Terence is heavily wounded.
You shoot an arrow. The arrow hits Terence.
Terence is almost dead.
Terence barely misses you.
You shoot an arrow.
The arrow hits Terence but does no damage.
Terence is almost dead.
Terence hits you from afar with a +2 trident of venom!
You are poisoned.
You shoot an arrow. The arrow closely misses Terence.
You feel very sick.
Terence hits you from afar with a +2 trident of venom.
You are lethally poisoned!
Terence misses you.
You shoot an arrow. The arrow barely misses Terence.
You feel very sick.
Terence hits you from afar with a +2 trident of venom!
* * * LOW HITPOINT WARNING * * *
You are too injured to fight recklessly!
You are too injured to fight recklessly!
* * * LOW HITPOINT WARNING * * *
You feel very sick. Terence completely misses you.
There is a stone staircase leading up here.
* * * LOW HITPOINT WARNING * * *
You feel sick.
Terence hits you from afar with a +2 trident of venom!
You die...

........# #........#
#... ..⌠ ####....#
#........# #..####.
#....# #........#
#..@.#.. #....#
#........# #..#.#.#
#....# #........#
#..#.... #....#
#####........###..###@#
#....#
#...'........')...#....
#....#
#.###........###.######
#....# #.#...@.@....#
#.# ######
#......####### #.#
#......# #.# #......#
#.##+#.# #. #.+ #. ##


You could see Terence.

Vanquished Creatures
  Pargi (Sewer)
  2 orc priests (D:3)
  Natasha (thrice) (D:2)
  2 adders (D:2)
  A worm (D:2)
  2 dart slugs (D:2)
  2 orcs (D:3)
  10 endoplasms
  6 giant cockroaches
  9 goblins
  6 hobgoblins
  2 jackals (Sewer)
  9 quokkas
  3 ball pythons
  10 bats
  3 frilled lizards
  7 kobolds
  3 rats
81 creatures vanquished.

Notes
Turn   | Place    | Note
-------+----------+-------------------------------------------
     0 | D:1      | HoaS the Kobold Hunter began the quest for the Orb.
     0 | D:1      | Reached XP level 1. HP: 12/12 MP: 1/1
    46 | D:1      | Reached XP level 2. HP: 10/17 MP: 2/2
    59 | D:1      | Reached skill level 6 in Ranged Weapons
   160 | D:1      | Reached XP level 3. HP: 21/21 MP: 3/3
   813 | D:2      | Reached skill level 7 in Ranged Weapons
   920 | D:2      | Noticed Natasha
   927 | D:2      | Killed Natasha
   928 | D:2      | Reached XP level 4. HP: 16/26 MP: 4/4
  1086 | D:2      | Noticed Natasha
  1373 | D:2      | Reached XP level 5. HP: 19/30 MP: 5/5
  1594 | D:2      | Reached skill level 8 in Ranged Weapons
  2115 | D:2      | Killed Natasha
  2249 | D:2      | Noticed Natasha
  2255 | D:2      | Killed Natasha
  2369 | D:3      | Found a glowing drain.
  2375 | Sewer    | Entered a sewer
  2458 | Sewer    | Noticed Pargi
  2469 | Sewer    | Killed Pargi
  2470 | Sewer    | Reached skill level 9 in Ranged Weapons
  2470 | Sewer    | Reached XP level 6. HP: 20/35 MP: 6/6
  2721 | D:3      | Noticed Sigmund
  2854 | D:3      | Reached skill level 10 in Ranged Weapons
  3121 | D:3      | Noticed Terence
  3254 | D:3      | HP: 1/35 [poisoned by Terence]
  3254 | D:3      | Mangled by Terence

Illustrated notes

Levels and vault maps discovered:
D:1:      giann_wishing_wells, layout_basic, minmay_vboxes
D:2:      minmay_general_purpose_star, layout_basic, uniq_natasha
D:3:      layout_basic, portal_sewer_entry_f,
          dreamdust_ecumenical_altar_angels_and_demons,
          amcnicky_mini_rare_corridor_liquid, grunt_ministairs_2, uniq_sigmund,
          uniq_terence

Skill      XL: |  1  2  3  4  5  6 |
---------------+-------------------+-----
Ranged Weapons | 6 7 9 10 | 10.0
Fighting       | |  2.1
Dodging        | |  2.4
Stealth        | |  1.3

Action                   |  1- 3 |  4- 6 || total
-------------------------+-------+-------++-------
Melee: Unarmed           |       |    23 ||    23
 Fire: Shortbow          |    85 |   136 ||   221
  Use: Scroll            |     3 |     6 ||     9
       Potion            |       |     2 ||     2
Armor: Leather armour    |     8 |    15 ||    23
       Skin              |       |     6 ||     6
Dodge: Dodged            |    22 |    83 ||   105

Table legend: (Time is in decaauts)
 A = Elapsed time spent in this place.
 B = Non-inter-level travel time spent in this place.
 C = Inter-level travel time spent in this place.
 D = Time resting spent in this place.
 E = Time spent auto-exploring this place.
 F = Levels seen in this place.
 G = Mean time per level.
                   A        B        C        D        E       F      G
               +--------+--------+--------+--------+--------+-----+--------+
         Total |   3283 |   3216 |     67 |    410 |   2271 |   4 |  820.8 |
       Dungeon |   3092 |   3025 |     67 |    360 |   2184 |   3 | 1030.7 |
         Sewer |    191 |    191 |      0 |     50 |     87 |   1 |  191.0 |
               +--------+--------+--------+--------+--------+-----+--------+

Top non-repeatable levels by time:
     D:2: 1661 daAuts
     D:1: 769 daAuts
     D:3: 660 daAuts
   Sewer: 191 daAuts
